Unix NetHack Version 3.7.0-94 Work-in-progress - last build Dec 18 2023 00:11:04 (7e3deff068b9ef4f2ebb9a71ea0f5c4a3b578a14,branch:master). Game began 2023-12-24 20:04:35, ended 2023-12-24 20:22:47. xororand, neutral male human Priest ------ --.|..| ----.....----- --............-- -----..............| ------............*@....| ----------......--.).......@@..--- |....<.....-----|..).......)[.-- | --------- --......)...@.| -.)----......- .....| |.....@..- .......- --.........- .......-... ............ ......... .... -.....----...- ---.....---..... ......| ...| |...-- |..... .....--- .-- -. - -.......----- -- . .---..- .. --- --- Xororand the Adept St:11 Dx:11 Co:17 In:10 Wi:18 Ch:9 Neutral S:2838 Dlvl:7 $:74 HP:0(48) Pw:18(70) AC:1 Xp:6/601 T:3659 Latest messages: The killer bee just misses! What do you want to wield? [- ak or ?*] a You are already wielding that! You kill the killer bee! You are beginning to feel hungry. You stop searching. What do you want to eat? [z or ?*] ? What do you want to eat? [z or ?*] Never mind. What do you want to use or apply? [ikrtv-xCHPTX or ?*] x L - a cram ration. What do you want to eat? [zL or ?*] L This cram ration is bland. You finish eating the cram ration. You hear the chime of a cash register. You are in full health. You hear a wolf howling at the moon. You stop searching. You miss the werewolf. The werewolf bites! You avoid harm. You miss the werewolf. The werewolf bites! You avoid harm. You miss the werewolf. The werewolf bites! You avoid harm. You miss the werewolf. The werewolf bites! You miss the werewolf. The werewolf bites! What do you want to wield? [- ak or ?*] a You are already wielding that! You miss the werewolf. The werewolf just misses! You hear an animal carcass being offered in sacrifice. You miss the werewolf. The werewolf bites! You avoid harm. You climb up the stairs. The Woodland-elf swings his runed broadsword. The Woodland-elf hits! The Woodland-elf thrusts his runed short sword. The Woodland-elf hits! You die... Do you want your possessions identified? [ynq] (y) n Do you want to see your attributes? [ynq] (y) n Do you want an account of creatures vanquished? [ynaq] (y) n Do you want to see your conduct and achievements? [ynq] (y) n Do you want to see the dungeon overview? [ynq] (y) n Inventory: Coins $ - 74 gold pieces Weapons a - a blessed +1 mace (weapon in right hand) Armor j - a +2 orcish helm (being worn) n - a +0 pair of leather gloves (being worn) q - a +0 pair of iron shoes (being worn) c - a +0 small shield (being worn) b - a +0 robe (being worn) Comestibles z - a tripe ration Rings Q - a cursed ring of hunger p - a ring of teleport control Wands P - a wand of cancellation (0:4) t - a wand of enlightenment (0:13) C - a wand of polymorph (0:5) w - a wand of teleportation (0:4) Tools x - a blessed bag of holding containing 31 items H - an empty bag of holding X - an empty bag of holding T - an empty sack i - a magic marker (0:19) k - a +0 pick-axe v - a skeleton key r - a wax candle Gems/Stones I - a chrysoberyl stone Contents of the bag of holding: a slime mold a carrot a clove of garlic 2 sprigs of wolfsbane a tin of giant rat meat a scroll of light a scroll of remove curse a cursed scroll of remove curse a blessed scroll of taming a scroll of genocide 2 scrolls of identify a blessed spellbook of confuse monster a spellbook of extra healing a blessed spellbook of force bolt a spellbook of force bolt a blessed spellbook of jumping a blessed spellbook of levitation a spellbook of protection a spellbook of protection a potion of restore ability 2 potions of invisibility a blessed potion of healing a potion of sickness a potion of fruit juice a potion of sleeping a blessed potion of gain ability a potion of gain ability a potion of booze a blessed potion of extra healing 5 potions of holy water a potion of water Xororand the Priest's attributes: Background: You were an Adept, a level 6 human Priest. You were neutral, nominally on a mission for Crom who was opposed by Mitra (lawful) and Set (chaotic). You were right-handed. You were in the Gnomish Mines, on level 7. You entered the dungeon 3659 turns ago. You had 601 experience points, 39 more were needed to attain level 7. Your score was 2838 before end-of-game adjustments. Basics: You had 0 out of 48 hit points. You had 18 out of 70 energy points (spell power). Your armor class was 1. Your wallet contained 74 zorkmids. Autopickup was off. Final Characteristics: Your strength was 11 (limit:18/100). Your dexterity was 11 (limit:18). Your constitution was 17 (peak:18, limit:18). Your intelligence was 10 (limit:18). Your wisdom was 18 (limit:18). Your charisma was 9 (limit:18). Final Status: You weren't hungry. You were unencumbered. You were wielding a mace. You were skilled in mace. Final Attributes: You were piously aligned. You would have confused monsters when hitting them. You were guarded. You are dead. Miscellaneous: You encountered 1 bones level. Total elapsed playing time was 18 minutes and 12 seconds. Major events: Turn 1: xororand the neutral human Priest entered the dungeon 807: attained the rank of Acolyte (level 3) 1394: entered the Gnomish Mines 2691: attained the rank of Adept (level 6) 3492: reached Mine Town 3659: killed by a Woodland-elf Vanquished creatures: a gnome ruler a dust vortex 2 Uruk-hai an orc shaman a fog cloud a shrieker 2 gnome leaders a gnomish wizard a kitten 8 dwarves a kobold shaman a giant bat an orc zombie 2 killer bees a coyote a gas spore 2 hobbits a hobgoblin 2 giant rats a cave spider 2 yellow molds 19 gnomes 5 geckos a jackal 3 foxes a kobold 6 goblins 5 sewer rats 8 grid bugs a bat 5 lichens 6 newts 94 creatures vanquished. No species were genocided or became extinct. Voluntary challenges: You were an atheist. You read items or engraved 10 times. You engraved Elbereth 3 times. You never genocided any monsters. You never polymorphed an object. You never changed form. You used no wishes. Achievements: You attained the rank of Acolyte. You entered the Gnomish Mines. You attained the rank of Adept. You entered Minetown. The Dungeons of Doom: levels 1 to 6 Level 1: A grave. Level 2: Level 3: A sink, a grave. Level 4: A fountain. Stairs down to The Gnomish Mines. Level 5: Many fountains. Level 6: Many fountains. Oracle of Delphi. The Gnomish Mines: levels 5 to 8 Level 5: Level 6: Level 7: <- You were here. Final resting place for you, killed by a Woodland-elf. Level 8: Final resting place for elenmirie-Tou-Hum-Fem-Neu, killed by a Woodland-elf. Game over: ---------- / \ / REST \ / IN \ / PEACE \ / \ | xororand | | 74 Au | | killed by a | | Woodland-elf | | | | | | 2023 | *| * * * | * _________)/\\_//(\/(/\)/\//\/|_)_______ Goodbye xororand the Priest... You died in The Gnomish Mines on dungeon level 7 with 2831 points, and 74 pieces of gold, after 3659 moves. You were level 6 with a maximum of 48 hit points when you died.